 Dungeon Crawl Stone Soup version 0.28-a0-661-g144af121cd (webtiles) character file.

Game seed: 14863614629173727645

238 KristoblXynda the Cutter (level 6, -17/39 HPs)
             Began as a Kobold Fighter on Oct 14, 2021.
             Demolished by an ogre (21 damage)
             ... on level 3 of the Dungeon.
             The game lasted 00:03:22 (4136 turns).

KristoblXynda the Cutter (Kobold Fighter)           Turns: 4136, Time: 00:03:22

Health: -17/39     AC:  5    Str: 15    XL:     6   Next: 28%
Magic:  6/6        EV: 13    Int:  9    God:
Gold:   124        SH:  6    Dex: 15    Spells: 5/5 levels left

rFire   . . .      SeeInvis .   a - +0 rapier
rCold   . . .      Faith    .   c - +0 buckler
rNeg    . . .      Spirit   .   k - +0 ring mail
rPois   .          Reflect  .   (no helmet)
rElec   .          Harm     .   (no cloak)
rCorr   .          Rampage  .   (no gloves)
Will    .....                   (no boots)
Stlth   ++........              (no amulet)
HPRegen 0.13/turn               (no ring)
MPRegen 0.10/turn               (no ring)

@: no status effects
A: small, no large weapons, nightstalker 3
a: no special abilities


You were on level 3 of the Dungeon.
You visited 1 branch of the dungeon, and saw 3 of its levels.

You collected 124 gold pieces.

Inventory:

Hand Weapons
 a - a +0 rapier (weapon)
Armour
 c - a +0 buckler (worn)
 k - a +0 ring mail (worn)
Scrolls
 b - a scroll of noise {unknown}
 f - a scroll of enchant weapon {unknown}
 j - a scroll of fog {unknown}
Potions
 e - a potion of berserk rage {unknown}
 g - 2 potions of brilliance {unknown}
 h - a potion of heal wounds {unknown}
 i - 2 potions of magic {unknown}


   Skills:
 + Level 4.6 Fighting
 + Level 4.6 Short Blades
 - Level 2.4 Armour
 + Level 3.1 Dodging
 + Level 3.4 Shields


You had 5 spell levels left.
You didn't know any spells.
Your spell library contained the following spells:

 Spells                   Type           Power      Damage    Failure   Level
 Magic Dart               Conj           0%         1d3       67%         1
 Call Imp                 Summ           0%         N/A       82%         2
 Mephitic Cloud           Conj/Pois/Air  0%         N/A       96%         3


Dungeon Overview and Level Annotations

Branches:
Dungeon (3/15)

Altars:
Uskayaw


Innate Abilities, Weirdness & Mutations

You are small and have problems with some larger weapons.
You are completely attuned to the shadows.


Message History

An endoplasm comes into view.
An endoplasm is nearby!
An endoplasm is nearby!
An ogre comes into view. It is wielding a +0 giant club.
Found 10 arrows.
The ogre shouts!
The endoplasm quivers.
The endoplasm freezes you.
You are frozen.
You hit the ogre.
The ogre is lightly wounded.
The endoplasm misses you. The ogre barely misses you.
You puncture the ogre!
The ogre is heavily wounded.
You block the endoplasm's attack.
You barely miss the ogre.
The ogre is heavily wounded.
The endoplasm freezes you.
You are frozen.
You block the ogre's attack.
Unknown command.
You hit the endoplasm.
The endoplasm is heavily wounded.
The endoplasm freezes you.
You are frozen.
You hit the endoplasm.
You kill the endoplasm!
You hit the ogre but do no damage.
The ogre is heavily wounded.
The ogre hits you with a +0 giant club.
You puncture the ogre!
The ogre is severely wounded.
The ogre hits you with a +0 giant club!!
Ouch! That really hurt!
* * * LOW HITPOINT WARNING * * *
Unknown command.
You barely miss the ogre.
The ogre is severely wounded.
The ogre hits you with a +0 giant club!!
Ouch! That really hurt!
You die...

...#...# #.........#
.....(.#.. #.........#
.......#.# #.....†...#
.......... ....>....#
.......#.# .........#
.......... .....#####
....#..... ####.#
###########.###########.#
#......).......O@.....#.#
#..##)..#[...####.....#.#
#.###...#....# ###...#.#
#.###..##....#######..#.#
#......###.......)##..#.#
#.....## #...#....###.#.#
#...### #...#....# #.#.#
#.#### ##..##...# #.#.#
#....#### #..####.###.#.#


You could see an ogre.

Vanquished Creatures
  Jessica (D:3)
  An iguana (D:3)
  Terence (D:3)
  A scorpion zombie (D:3)
  3 adders
  4 gnolls (D:1)
  A worm (D:3)
  A dart slug (D:2)
  5 orcs (D:3)
  2 endoplasms (D:3)
  5 giant cockroaches
  5 goblins
  6 hobgoblins
  2 jackals (D:2)
  4 quokkas
  4 ball pythons
  7 bats
  A frilled lizard (D:2)
  2 kobolds
  7 rats
63 creatures vanquished.

Notes
Turn   | Place    | Note
-------+----------+-------------------------------------------
     0 | D:1      | KristoblXynda the Kobold Fighter began the quest for the
                  | Orb.
     0 | D:1      | Reached XP level 1. HP: 14/14 MP: 1/1
   408 | D:1      | Reached XP level 2. HP: 19/19 MP: 2/2
   785 | D:1      | Reached skill level 1 in Dodging
   881 | D:1      | Reached XP level 3. HP: 21/23 MP: 3/3
  1095 | D:1      | Reached XP level 4. HP: 25/29 MP: 4/4
  1614 | D:2      | Found a hide-covered altar of Uskayaw.
  2602 | D:3      | Reached XP level 5. HP: 18/33 MP: 5/5
  2789 | D:3      | Noticed Jessica
  2796 | D:3      | Killed Jessica
  2921 | D:3      | Noticed Terence
  2947 | D:3      | Killed Terence
  3443 | D:3      | Reached XP level 6. HP: 12/39 MP: 6/6
  4119 | D:3      | Noticed an ogre
  4136 | D:3      | Demolished by an ogre

Illustrated notes

Levels and vault maps discovered:
D:1:      tarquinn_simple_flora_water_e, layout_loops_ring
D:2:      layout_loops_corners, basic_altar, kennysheep_generic_room_13
D:3:      minmay_recursive_quarters, layout_basic, uniq_terence, uniq_jessica

Skill      XL: |  1  2  3  4  5  6 |
---------------+-------------------+-----
Short Blades   | 3 4 |  4.6
Dodging        | 1 2 3 |  3.1
Fighting       | 4 |  4.6
Shields        | 3 |  3.4
Armour         | |  2.4

Action                   |  1- 3 |  4- 6 || total
-------------------------+-------+-------++-------
Melee: Rapier            |    51 |   191 ||   242
  Use: Potion            |       |     1 ||     1
 Stab: Sleeping          |       |     2 ||     2
Armor: Scale mail        |    10 |    26 ||    36
       Ring mail         |       |    18 ||    18
Dodge: Dodged            |    26 |    92 ||   118
Block: Buckler           |     7 |    57 ||    64

Table legend: (Time is in decaauts)
 A = Elapsed time spent in this place.
 B = Non-inter-level travel time spent in this place.
 C = Inter-level travel time spent in this place.
 D = Time resting spent in this place.
 E = Time spent auto-exploring this place.
 F = Levels seen in this place.
 G = Mean time per level.
                   A        B        C        D        E       F      G
               +--------+--------+--------+--------+--------+-----+--------+
         Total |   4152 |   4100 |     52 |   1232 |   2357 |   3 | 1384.0 |
       Dungeon |   4152 |   4100 |     52 |   1232 |   2357 |   3 | 1384.0 |
               +--------+--------+--------+--------+--------+-----+--------+

Top non-repeatable levels by time:
     D:3: 1586 daAuts
     D:2: 1485 daAuts
     D:1: 1079 daAuts
